 Dungeon Crawl Stone Soup version 0.21.1-1-g345015f (webtiles) character file.

90 Monzz the Cudgeler (level 4, 0/33 HPs)
             Began as a Demonspawn Gladiator on May 13, 2018.
             Killed from afar by Sigmund (5 damage)
             ... with a magic dart
             ... on level 2 of the Dungeon.
             The game lasted 00:07:57 (1508 turns).

Monzz the Cudgeler (Demonspawn Gladiator)           Turns: 1508, Time: 00:07:57

Health: 0/33       AC:  8    Str: 14    XL:     4   Next: 32%
Magic:  0/4        EV:  7    Int: 11    God:
Gold:   51         SH:  0    Dex: 14    Spells: 3/3 levels left

rFire    . . .     SeeInvis .   a - +1 flail
rCold    . . .     Gourm    .   (no shield)
rNeg     . . .     Faith    .   e - +0 chain mail
rPois    .         Spirit   +   (helmet restricted)
rElec    .         Reflect  .   (no cloak)
rCorr    .         Harm     .   (no gloves)
MR       +....                  (no boots)
Stlth    ..........             j - amulet of guardian spirit
HPRegen  0.11/turn              g - ring of protection from magic
MPRegen  0.09/turn              k - ring of wizardry

@: no status effects
A: antennae 1
a: no special abilities


You were on level 2 of the Dungeon.
You were not hungry.

You visited 1 branch of the dungeon, and saw 2 of its levels.

You collected 51 gold pieces.

Inventory:

Hand Weapons
 a - a +1 flail (weapon)
Missiles
 d - 3 throwing nets (quivered)
Armour
 b - a +0 leather armour
 e - a +0 chain mail (worn)
Jewellery
 g - a ring of protection from magic (left hand)
 j - an amulet of guardian spirit (around neck)
 k - a ring of wizardry (right hand)
Scrolls
 c - a scroll of remove curse {unknown}
Comestibles
 f - 3 rations
 i - 2 chunks of flesh


   Skills:
 + Level 2.3 Fighting
 + Level 3.7 Maces & Flails
 + Level 1.8 Throwing
 + Level 1.5 Armour
 + Level 3.1 Dodging
 + Level 0.1 Stealth


You had 3 spell levels left.
You didn't know any spells.

Dungeon Overview and Level Annotations

Branches:
Dungeon (2/15)

Altars:
Dithmenos
Hepliaklqana

Annotations:
D:2 Sigmund


Innate Abilities, Weirdness & Mutations

You have a pair of small antennae on your head.


Message History

Something hits you!
You miss something. Something hits you but does no damage.
Your chain mail prevents you from hitting something.
You miss something.
You hear some strange, mumbled words.
A magic dart appears from out of thin air!
The magic dart hits you! Something hits you but does no damage.
You miss something. You closely miss something. Something hits you.
You hit something. Something hits you!
* * * LOW HITPOINT WARNING * * *
As you read the scroll labeled ARPHUP OGHOEGUOJIU, it crumbles to dust.
It is a scroll of enchant weapon.
Your +0 flail glows red for a moment.
Something hits you.
* * * LOW HITPOINT WARNING * * *
Things that are here:
a club; a hobgoblin corpse A magic dart appears from out of thin air!
The magic dart hits you!
You die...

#.#######....######### #.# ###
#....##......#
#.#######....##......#
#.'.._..'....##......# ######
..###.###....##......# #..... ..#
#.# #....##......#######)###.
#.###'###....##..............# #.
#............##..............# #.
'........÷...{).@......÷....>###.
#............##.............##...
#........######.............##.##
#........# ################.#
#).......########### #.##
...................# #...
.....###...........# #### .....#
#...........# .....#
#@..........#


There were no monsters in sight!

Vanquished Creatures
  3 adders (D:2)
  An ooze (D:2)
  3 worms (D:2)
  4 leopard geckos
  3 giant cockroaches
  4 goblins
  4 hobgoblins
  7 kobolds
  A quokka (D:2)
  2 ball pythons (D:1)
  8 bats
  A frilled lizard (D:1)
  8 rats
49 creatures vanquished.

Notes
Turn   | Place    | Note
-------+----------+-------------------------------------------
     0 | D:1      | Monzz the Demonspawn Gladiator began the quest for the Orb.
     0 | D:1      | Reached XP level 1. HP: 16/16 MP: 1/1
   234 | D:1      | Gained mutation: You have a pair of small antennae on your head. [demonic ancestry]
   234 | D:1      | Reached XP level 2. HP: 19/22 MP: 2/2
   631 | D:2      | Noticed Sigmund
   699 | D:2      | Reached XP level 3. HP: 16/27 MP: 3/3
  1076 | D:2      | Reached skill level 1 in Armour
  1192 | D:2      | Reached XP level 4. HP: 26/33 MP: 4/4
  1195 | D:2      | Found a hazy altar of Hepliaklqana.
  1226 | D:2      | Found a shadowy altar of Dithmenos.
  1508 | D:2      | Killed from afar by Sigmund

Skill      XL: |  1  2  3 |
---------------+----------+-----
Maces & Flails | 3 |  3.7
Dodging        | 3 |  3.1
Armour         | 1 |  1.5
Fighting       | |  2.3
Throwing       | |  1.8
Stealth        | |  0.1

Action                   |  1- 3 |  4- 6 || total
-------------------------+-------+-------++-------
Melee: Flail             |   159 |    45 ||   204
  Use: Scroll            |     2 |     1 ||     3
       Potion            |     2 |       ||     2
  Eat: Chunk             |     1 |     1 ||     2
Armor: Leather armour    |    27 |       ||    27
       Chain mail        |   102 |    14 ||   116
Dodge: Dodged            |   107 |    14 ||   121
